 Dungeon Crawl Stone Soup version 0.17-a0-1942-g46ae386 (webtiles) character file.

592 orochimarko the Firebug (level 7, -2/41 HPs)
             Began as a High Elf Fire Elementalist on Sept 23, 2015.
             Was a Follower of Sif Muna.
             Killed from afar by an orc wizard (8 damage)
             ... with a puff of frost
             ... on level 7 of the Dungeon on Sept 30, 2015.
             The game lasted 01:02:31 (3945 turns).

orochimarko the Firebug (HEFE)                      Turns: 3945, Time: 01:02:31

Health: -2/41      AC:  3    Str:  7    XL:     7   Next: 16%
Magic:  28/30      EV: 13    Int: 21    God:    Sif Muna [*.....]
Gold:   203        SH:  0    Dex: 16    Spells: 3 memorised, 9 levels left

rFire  . . .     SeeInvis .     w - staff of power
rCold  . . .     Clarity  .     a - +0 robe
rNeg   . . .     SustAt   .     (no shield)
rPois  .         Gourm    .     (no helmet)
rElec  .         Spirit   .     (no cloak)
rCorr  .         Warding  .     u - +0 pair of gloves
rMut   .         Stasis   .     (no boots)
MR     .....                    (no amulet)
Stlth  ++........               (no ring)
                                (no ring)

@: not resistant to hostile enchantments, unstealthy
A: no striking features
a: Channel Energy, Renounce Religion


You were on level 7 of the Dungeon.
You worshipped Sif Muna.
Sif Muna was aware of your devotion.
You were hungry.

You visited 2 branches of the dungeon, and saw 6 of its levels.

You collected 203 gold pieces.

Inventory:

Hand weapons
 o - a +0 dagger
Missiles
 g - 30 arrows
Armour
 a - a +0 robe (worn)
 u - a +0 pair of gloves (worn)
Magical staves
 w - an uncursed staff of power (weapon)
Scrolls
 e - 2 scrolls of magic mapping
 h - a scroll of blinking
 j - a scroll of immolation {unknown}
 l - 4 scrolls of identify
 m - a scroll of fear {unknown}
 r - a scroll of noise {unknown}
 s - 2 scrolls of teleportation {unknown}
Potions
 d - a potion of brilliance {unknown}
 k - a potion of lignification {unknown}
 n - a potion of invisibility {unknown}
 p - a potion of poison {unknown}
 t - a potion of curing {unknown}
Books
 b - a book of Flames

   Spells                             Type                      Level
   a - Flame Tongue                   Conjuration/Fire             1
   b - Throw Flame                    Conjuration/Fire             2
   c - Conjure Flame                  Conjuration/Fire             3
   d - Inner Flame                    Hexes/Fire                   3
   e - Sticky Flame                   Conjuration/Fire             4
   f - Fireball                       Conjuration/Fire             5
Comestibles
 c - 2 bread rations
 f - 2 beef jerkies
 q - 3 meat rations
 v - 3 fruits


   Skills:
 + Level 3.2 Dodging
 + Level 3.4 Stealth
 + Level 4.9 Spellcasting
 + Level 4.0 Conjurations
 + Level 5.3 Fire Magic


You had 9 spell levels left.
You knew the following spells:

 Your Spells              Type           Power        Failure   Level  Hunger
a - Flame Tongue          Conj/Fire      ###..        1%          1    None
b - Throw Flame           Conj/Fire      ###...       2%          2    None
c - Conjure Flame         Conj/Fire      ###.....     6%          3    ##.....


Dungeon Overview and Level Annotations

Branches:
Dungeon (7/15)             Temple (1/1) D:4

Altars:
Ashenzari
Cheibriados
Dithmenos
Elyvilon
Fedhas
Gozag
Kikubaaqudgha
Makhleb
Okawaru
Qazlal
Ru
Sif Muna
Trog
Vehumet
Xom
Yredelemnul
Zin
The Shining One

Shops:
D:4 [


Message History

The orc wizard shouts!
The orc priest shouts!
The orc priest looks braver for a moment. 2 orc warriors come into view.
Casting: Flame Tongue
Confirm with . or Enter, or press ? or * to list all spells.
Okay, then.
The orc wizard points at you and mumbles some strange words.
The puff of frost misses you.
The orc shouts!
A quokka comes into view.
Found a scroll of identify and a staff of power.
A jelly comes into view.
The orc wizard casts a spell at you. The puff of flame misses you.
The orc priest invokes the aid of Beogh against you.
Something smites you!
* * * LOW HITPOINT WARNING * * *
The orc wizard gestures at you while chanting.
The puff of frost hits you!
You die...

..##.....##
ooo.......##
..o........#########
...................##
..............?.....##
.............o.......#
.....................#
..........oo.........#
................@.J..#
.....>...##..........#
.....######.........##
..... ........?..#
...## ##..........#
... #..........# ..
#.r....|...#
#..........#


You could see a jelly (sleeping), an orc priest, an orc wizard, an orc and a
quokka (sleeping).

Vanquished Creatures
  An ice beast (D:4)
  2 ogres (D:4)
  The ghost of kae the Shooter, an average HEHu (D:4)
  A worker ant (D:4)
  Terence (D:2)
  The ghost of ololoev the Chopper, a weakling HOGl (D:3)
  4 gnolls (D:4)
  4 adders
  An adder skeleton (D:4)
  3 worms
  4 giant geckos
  2 orcs
  6 bats
  6 giant cockroaches
  7 goblins
  8 hobgoblins
  4 quokkas
  A ball python (D:3)
  6 giant newts
  4 kobolds
  5 rats
  A plant (D:1)
73 creatures vanquished.

Notes
Turn   | Place    | Note
--------------------------------------------------------------
     0 | D:1      | orochimarko the High Elf Fire Elementalist began the quest for the Orb.
     0 | D:1      | Reached XP level 1. HP: 11/11 MP: 4/4
   219 | D:1      | Upgraded the game from 0.17-a0-1887-g3e50df6 to 0.17-a0-1900-g45e8110
   637 | D:1      | Reached XP level 2. HP: 7/17 MP: 0/6
   641 | D:1      | Learned a level 2 spell: Throw Flame
  1098 | D:2      | Reached XP level 3. HP: 18/21 MP: 2/8
  1226 | D:2      | Noticed Terence
  1237 | D:2      | Killed Terence
  1400 | D:2      | Learned a level 3 spell: Conjure Flame
  1458 | D:2      | Reached XP level 4. HP: 7/27 MP: 1/9
  1901 | D:3      | Noticed ololoev's ghost (weakling HOGl)
  2021 | D:3      | Noticed a necrophage
  2156 | D:3      | Killed ololoev's ghost
  2156 | D:3      | Reached skill level 4 in Fire Magic
  2614 | D:4      | Found Affon's Antique Armour Emporium.
  2705 | D:4      | Noticed an ogre
  2716 | D:4      | Killed an ogre
  2716 | D:4      | Reached XP level 5. HP: 26/31 MP: 3/12
  2818 | D:4      | Noticed kae's ghost (average HEHu)
  2846 | D:4      | Noticed a phantom
  3097 | D:4      | Found a staircase to the Ecumenical Temple.
  3153 | Temple   | Entered the Ecumenical Temple
  3255 | Temple   | Upgraded the game from 0.17-a0-1900-g45e8110 to 0.17-a0-1923-gc35365e
  3263 | Temple   | Became a worshipper of Sif Muna the Loreminder
  3492 | D:4      | Reached XP level 6. HP: 36/36 MP: 13/13
  3513 | D:4      | Noticed an ogre
  3532 | D:4      | Killed an ogre
  3624 | D:4      | Noticed an ice beast
  3775 | D:4      | Upgraded the game from 0.17-a0-1923-gc35365e to 0.17-a0-1939-ga475588
  3778 | D:4      | Upgraded the game from 0.17-a0-1939-ga475588 to 0.17-a0-1942-g46ae386
  3827 | D:4      | Killed kae's ghost
  3827 | D:4      | Reached skill level 5 in Fire Magic
  3900 | D:4      | Killed an ice beast
  3900 | D:4      | Acquired Sif Muna's first power
  3900 | D:4      | Reached XP level 7. HP: 15/41 MP: 15/15
  3931 | D:4      | You fall through a shaft for 3 floors!
  3945 | D:7      | Killed from afar by an orc wizard

Vault maps used:
D:1:      onia_arrival_mini_maze
D:2:      first_bread, uniq_terence
D:4:      minmay_temple_entry_mist, serial_shops, shop
D:7:      basic_altar
Temple:   kilobyte_greek_temple_18

Action                   |  1- 3 |  4- 6 |  7- 9 || total
-------------------------+-------+-------+-------++-------
Melee: Unarmed           |   172 |       |       ||   172
       Dagger            |     7 |    17 |       ||    24
 Cast: Flame Tongue      |    49 |    91 |     1 ||   141
       Throw Flame       |     9 |    37 |       ||    46
       Conjure Flame     |       |     7 |       ||     7
  Use: Scroll            |     2 |     1 |       ||     3
       Potion            |       |     2 |       ||     2
 Stab: Sleeping          |     2 |     4 |       ||     6
  Eat: Chunk             |     3 |     8 |       ||    11
